 Dungeon Crawl Stone Soup version 0.27-a0-1065-ge809cff456 (webtiles) character file.

Game seed: 1187779748077820954

31 BritishOli the Sneak (level 3, -1/29 HPs)
             Began as a Demonspawn Delver on Apr 22, 2021.
             Slain by a water moccasin zombie (5 damage)
             ... on level 5 of the Dungeon.
             The game lasted 00:01:21 (66 turns).

BritishOli the Sneak (Demonspawn Delver)              Turns: 66, Time: 00:01:22

Health: -1/29      AC:  3    Str: 13    XL:     3   Next: 7%
Magic:  3/3        EV: 12    Int: 11    God:
Gold:   4          SH:  0    Dex: 14    Spells: 2/2 levels left

rFire    . . .     SeeInvis .   a - +0 falchion
rCold    . . .     Faith    .   (no shield)
rNeg     . . .     Spirit   .   b - +0 leather armour
rPois    .         Reflect  .   (no helmet)
rElec    .         Harm     .   (no cloak)
rCorr    .         Rampage  .   (no gloves)
Will     .....                  (no boots)
Stlth    ++........             (no amulet)
HPRegen  0.09/turn              (no ring)
MPRegen  0.08/turn              (no ring)

@: no status effects
A: demonic guardian 1
a: no special abilities


You were on level 5 of the Dungeon.
You visited 1 branch of the dungeon, and saw 1 of its levels.

You collected 4 gold pieces.

Inventory:

Hand Weapons
 a - a +0 falchion (weapon)
Armour
 b - a +0 leather armour (worn)
Wands
 g - a wand of digging (3)
Scrolls
 c - a scroll of fog
 d - a scroll of magic mapping
 e - a scroll of fear
Potions
 f - a potion of haste


   Skills:
 + Level 3.3 Fighting
 * Level 2.3 Long Blades
 * Level 1.2 Armour
 + Level 2.0 Dodging
 - Level 4.5 Stealth


You had 2 spell levels left.
You didn't know any spells.
Your spell library was empty.

Dungeon Overview and Level Annotations

Branches:
Dungeon (5/15)
 Temple: D:4-7

Altars:


Innate Abilities, Weirdness & Mutations

A weak demonic guardian rushes to your aid.


Message History

Your Dodging skill increases to level 2!
You have reached level 2!
Your demonic ancestry asserts itself...
You feel the presence of a demonic guardian.
You have reached level 3!
Your experience leads to an increase in your attributes!
Increase (S)trength, (I)ntelligence, or (D)exterity?
You feel stronger.
The water moccasin zombie bites you but does no damage.
There is an open door here.
The water moccasin zombie bites you.
* * * LOW HITPOINT WARNING * * *
A demonic guardian appears!
You swap places.
The water moccasin zombie bites your shadow imp!
Your shadow imp hits the water moccasin zombie.
The water moccasin zombie closely misses your shadow imp.
Your shadow imp hits the water moccasin zombie.
There is an open door here.
The water moccasin zombie bites your shadow imp but does no damage.
Your shadow imp hits the water moccasin zombie.
The water moccasin zombie bites your shadow imp.
Your shadow imp dies!
A water moccasin zombie is nearby!
Found a hunting sling.
The water moccasin zombie bites you.
* * * LOW HITPOINT WARNING * * *
A demonic guardian appears!
You slash the water moccasin zombie!
The water moccasin zombie is moderately damaged.
The water moccasin zombie bites you.
* * * LOW HITPOINT WARNING * * *
The water moccasin zombie misses you.
You riposte.
You hit the water moccasin zombie.
The water moccasin zombie is heavily damaged.
You hit the water moccasin zombie.
The water moccasin zombie is heavily damaged.
Your ufetubus closely misses the water moccasin zombie. x2
The water moccasin zombie bites you.
You die...

######### #...##
#......>.
#....######........
#.........#........
#.........#........
#.........#+#######
#..................
######..5...............
#..)...@Z...............
#.......................
#.......................
#..............#########
#..............#
#..............#
#..............#
#..............#


You could see a water moccasin zombie (ally target) and a friendly ufetubus
(summoned).

Vanquished Creatures
  A hound (D:5)
1 creature vanquished.

Notes
Turn   | Place    | Note
-------+----------+-------------------------------------------
     0 | D:5      | BritishOli the Demonspawn Delver began the quest for the
                  | Orb.
     0 | D:5      | Reached XP level 1. HP: 18/18 MP: 1/1
    19 | D:5      | Noticed a hound
    21 | D:5      | Noticed a water moccasin zombie
    31 | D:5      | Killed a hound
    32 | D:5      | Reached skill level 1 in Armour
    32 | D:5      | Gained mutation: A weak demonic guardian rushes to your
                  | aid. [demonic ancestry]
    32 | D:5      | Reached XP level 2. HP: 6/24 MP: 2/2
    32 | D:5      | Reached XP level 3. HP: 8/29 MP: 3/3
    66 | D:5      | Slain by a water moccasin zombie

Illustrated notes

Levels and vault maps discovered:
D:5:      layout_gridville, grunt_ministairs_7, hangedman_decor_push,
          uniq_menkaure, uniq_ijyb, uniq_sigmund

Skill      XL: |  1 |
---------------+----+-----
Long Blades    | 2 |  2.3
Armour         | 1 |  1.2
Dodging        | 2 |  2.0
Fighting       | |  3.3
Stealth        | |  4.5

Action                   || total
-------------------------++-------
Melee: Falchion          ||    11
Armor: Leather armour    ||     5
Dodge: Dodged            ||    10
       Rpst.: Falchion   ||     5

Table legend: (Time is in decaauts)
 A = Elapsed time spent in this place.
 B = Non-inter-level travel time spent in this place.
 C = Inter-level travel time spent in this place.
 D = Time resting spent in this place.
 E = Time spent auto-exploring this place.
 F = Levels seen in this place.
 G = Mean time per level.
                   A        B        C        D        E       F      G
               +--------+--------+--------+--------+--------+-----+--------+
         Total |     68 |     67 |      1 |      0 |     19 |   1 |   68.0 |
       Dungeon |     68 |     67 |      1 |      0 |     19 |   1 |   68.0 |
               +--------+--------+--------+--------+--------+-----+--------+

Top non-repeatable levels by time:
     D:5: 68 daAuts
